 Dungeon Sprint DCSS version 0.20.1-1-g8b1a95d (webtiles) character file.

1173 OdinFK the Basher (level 8, -5/85 HPs)
             Began as a Minotaur Berserker on Oct 22, 2017.
             Was a Priest of Trog.
             Succumbed to Sonja's poison
             ... while paralysed
             ... in the Dungeon (Sprint I: "Red Sonja").
             The game lasted 00:02:05 (651 turns).

OdinFK the Basher (Minotaur Berserker)               Turns: 651, Time: 00:02:05

Health: -5/85      AC:  7    Str: 23    XL:     8   Next: 18%
Magic:  3/7        EV:  2    Int:  4    God:    Trog [***...]
Gold:   297        SH:  0    Dex: 11    Spells: 7/7 levels left

rFire    . . .     SeeInvis .   a - +0 mace
rCold    . . .     Gourm    .   (no shield)
rNeg     . . .     Faith    .   j - +0 ring mail
rPois    .         Spirit   +   (helmet restricted)
rElec    .         Reflect  .   (no cloak)
rCorr    .         Harm     .   (no gloves)
MR       ++...     NoTele   +   (no boots)
Stlth    +.........             l - amulet of guardian spirit
Regen    1.3/turn               (no ring)
MPRegen  0.1/turn               (no ring)

@: paralysed, lethally poisoned (-5 -> -87), berserk cooldown, regenerating,
slowed
A: retaliatory headbutt, horns 2
a: Berserk, Trog's Hand, Burn Spellbooks, Renounce Religion


You were in the Dungeon.
You worshipped Trog.
Trog was most pleased with you.
You were not hungry.

You visited 1 branch You collected 297 gold pieces.

Inventory:

Hand Weapons
 a - a +0 mace (weapon)
Armour
 b - a +0 animal skin
 j - a +0 ring mail (worn)
Jewellery
 l - an amulet of guardian spirit (around neck)
Scrolls
 i - a scroll of blinking
 k - a scroll of fog {unknown}
Potions
 d - a potion of curing
 e - a potion of heal wounds
 f - a potion of haste
 g - 2 potions of magic
 h - a potion of berserk rage


   Skills:
 + Level 12.8 Fighting
 + Level 13.1 Maces & Flails
 + Level 9.1 Armour
 + Level 7.4 Dodging


You had 7 spell levels left.
You didn't know any spells.

Dungeon Overview and Level Annotations

Branches:
Dungeon (1/1)

Altars:
Cheibriados
Dithmenos
Elyvilon
Fedhas
Gozag
Hepliaklqana
Kikubaaqudgha
Makhleb
Nemelex Xobeh
Okawaru
Qazlal
Ru
Sif Muna
Trog
Uskayaw
Vehumet
Xom
Yredelemnul
Zin
The Shining One
Jiyva
Lugonu

Shops:
D *


Innate Abilities, Weirdness & Mutations

You reflexively headbutt those who attack you in melee.
You have a pair of horns on your head.


Message History

You kill Sonja!
Trog accepts your kill.
Trog appreciates your killing of a magic user.
Your Fighting skill increases to level 12!
Your Maces & Flails skill gained 2 levels and is now at level 13!
Your Armour skill gained 2 levels and is now at level 9!
Your Dodging skill increases to level 7!
You have reached level 8!
You feel agile.
You are too berserk!
* * * LOW HITPOINT WARNING * * *
You feel extremely sick.
You are too berserk!
You are too berserk!
You feel a strong urge to attack something.
You are no longer berserk.
You pass out from exhaustion.
You feel as though you will be slow longer.
You feel the effects of Trog's Hand fading.
You die...

#<.#..)..#..'..#__#
#..').#..').#..'..+
#..#####'#####'#__#
#..####..#...#.# ##
#..#__####..##.#
#..#_____##'#..+
#⌠⌠#_.∩...'..._#
####_..__##_(#'#
#_____###@#(#
####### #)### $.$
#$.$# ##.## #+#


There were no monsters in sight!

Vanquished Creatures
  Sonja (D)
  A slime creature (D)
  Sigmund (D)
  A yak (D)
  An ogre (D)
  A jelly (D)
  Ijyb (D)
7 creatures vanquished.

Vanquished Creatures (others)
  A gargoyle (D)
1 creature vanquished.

Grand Total: 8 creatures vanquished

Notes
Turn   | Place    | Note
-------+----------+-------------------------------------------
     0 | D        | OdinFK the Minotaur Berserker began the quest for the Orb.
     0 | D        | Reached XP level 1. HP: 19/19 MP: 0/0
     1 | D        | Noticed Ijyb
     9 | D        | Killed Ijyb
     9 | D        | Reached skill level 5 in Fighting
     9 | D        | Reached skill level 5 in Maces & Flails
     9 | D        | Reached XP level 2. HP: 23/29 MP: 1/1
    68 | D        | Noticed an ogre
    73 | D        | Killed an ogre
    73 | D        | Reached skill level 7 in Maces & Flails
    73 | D        | Reached XP level 3. HP: 39/39 MP: 2/2
    73 | D        | Reached XP level 4. HP: 47/47 MP: 3/3
   159 | D        | Noticed Sigmund
   164 | D        | Killed Sigmund
   164 | D        | Reached ** piety under Trog
   164 | D        | Reached skill level 9 in Maces & Flails
   164 | D        | Reached skill level 5 in Armour
   164 | D        | Reached skill level 5 in Dodging
   164 | D        | Reached XP level 5. HP: 57/57 MP: 4/4
   211 | D        | Found a deep blue altar of Sif Muna.
   213 | D        | Found a radiant altar of Vehumet.
   217 | D        | Reached skill level 10 in Maces & Flails
   217 | D        | Reached XP level 6. HP: 57/66 MP: 5/5
   255 | D        | Found a burning altar of Makhleb.
   255 | D        | Found a viscous altar of Jiyva.
   255 | D        | Found a shimmering altar of Xom.
   255 | D        | Found a corrupted altar of Lugonu.
   255 | D        | Noticed a slime creature
   266 | D        | Killed a slime creature
   266 | D        | Reached skill level 10 in Fighting
   266 | D        | Reached skill level 11 in Maces & Flails
   521 | D        | Found Lonuq's General Store.
   521 | D        | Found an ancient bone altar of Kikubaaqudgha.
   521 | D        | Found a hazy altar of Hepliaklqana.
   521 | D        | Found a stormy altar of Qazlal.
   521 | D        | Found a hide-covered altar of Uskayaw.
   521 | D        | Found a blossoming altar of Fedhas.
   521 | D        | Found a bloodstained altar of Trog.
   521 | D        | Found an iron altar of Okawaru.
   521 | D        | Found a basalt altar of Yredelemnul.
   521 | D        | Found a glowing golden altar of the Shining One.
   521 | D        | Found a snail-covered altar of Cheibriados.
   521 | D        | Found a sacrificial altar of Ru.
   521 | D        | Found a glowing silver altar of Zin.
   521 | D        | Found a shadowy altar of Dithmenos.
   521 | D        | Found a white marble altar of Elyvilon.
   521 | D        | Noticed a yak
   526 | D        | Killed a yak
   526 | D        | Reached XP level 7. HP: 51/74 MP: 3/6
   527 | D        | Found an opulent altar of Gozag.
   528 | D        | Found a sparkling altar of Nemelex Xobeh.
   640 | D        | Noticed Sonja
   647 | D        | Killed a gargoyle
   649 | D        | Killed Sonja
   649 | D        | Reached *** piety under Trog
   649 | D        | Reached skill level 13 in Maces & Flails
   649 | D        | Reached XP level 8. HP: 12/85 MP: 2/7
   650 | D        | HP: 4/127 [poisoned by Sonja]
   651 | D        | Succumbed to Sonja's poison

Skill      XL: |  1  2  3  4  5  6  7 |
---------------+----------------------+-----
Fighting       | 5 7 9 11 12 | 12.8
Maces & Flails | 5 7 9 10 11 13 | 13.1
Armour         | 3 4 5 7 9 |  9.1
Dodging        | 3 4 5 6 7 |  7.4

Action                   |  1- 3 |  4- 6 |  7- 9 || total
-------------------------+-------+-------+-------++-------
Melee: Mace              |    11 |    20 |     7 ||    38
       Headbutt          |       |     7 |       ||     7
Invok: Berserk           |     1 |     2 |     1 ||     4
       Trog's Hand       |       |       |     1 ||     1
  Eat: Bread ration      |       |       |     1 ||     1
Armor: Ring mail         |       |       |     4 ||     4
Dodge: Dodged            |     5 |     7 |     9 ||    21
